 Dungeon Crawl Stone Soup version 0.31-a0-949-g57150269e1 (webtiles) character file.

Game seed: 12120596179015803504

118 CowFu the Ruffian (level 4, -5/36 HPs)
             Began as a Draconian Shapeshifter on Oct 22, 2023.
             Killed from afar by an orc wizard (8 damage)
             ... with a puff of flame
             ... on level 3 of the Dungeon.
             The game lasted 00:02:08 (1587 turns).

CowFu the Ruffian (Draconian Shapeshifter)          Turns: 1587, Time: 00:02:09

Health: -5/36      AC:  5    Str: 18    XL:     4   Next: 72%
Magic:  0/4        EV: 12    Int: 11    God:
Gold:   144        SH:  0    Dex: 10    Spells: 3/3 levels left

rFire   . .          .
                       - Unarmed
rCold   . . .        (no shield)
rNeg    . . .        (body armour unavailable)
rPois   .            (helmet currently unavailable)
rElec   .            (cloak currently unavailable)
rCorr   .            (gloves currently unavailable)
SInv    .            (boots currently unavailable)
Will    .....        j - amulet of guardian spirit
Stlth   +            (no ring)
HPRegen 0.26/turn    (no ring)
MPRegen 0.09/turn

%: guardian spirit
@: confused, beast-form
A: beast (slay +2), AC +5, unfitting armour, cold-blooded
a: Begin Untransformation


You were on level 3 of the Dungeon.
You were a hulking beast.
You visited 1 branch of the dungeon, and saw 3 of its levels.

You collected 144 gold pieces.

Inventory:

Armour
 d - a scarf of harm
 f - a +0 cloak
Jewellery
 j - an amulet of guardian spirit (around neck)
 l - a ring of ice
Talismans
 b - a beast talisman (active)
 c - a flux talisman
Scrolls
 e - a scroll of silence
 h - a scroll of fear {unknown}
 i - a scroll of teleportation {unknown}
 k - 2 scrolls of identify {unknown}
Potions
 a - a potion of lignification
 g - 2 potions of curing {unknown}
 m - a potion of degeneration {unknown}
 n - a potion of enlightenment {unknown}


   Skills:
 - Level 2.0 Fighting
 - Level 2.0 Dodging
 + Level 4.2 Unarmed Combat
 + Level 4.0 Shapeshifting


You had 3 spell levels left.
You didn't know any spells.
Your spell library was empty.

Dungeon Overview and Level Annotations

Branches:
Dungeon (3/15)

Altars:

Shops:
D:1 :


Innate Abilities, Weirdness & Mutations

You are a hulking beast.
Your limbs bulge with bestial killing power. (Slay +2)
Your plain brown scales are hard. (AC +5)
You cannot fit into any form of body armour.
You are cold-blooded and may be slowed by cold attacks.


Message History

You hear some strange, mumbled words.
A puff of flame appears from out of thin air!
The puff of flame hits you.
* * * LOW HITPOINT WARNING * * *
As you read the scroll labelled COKIGO CEIFRIO, it crumbles to dust.
A profound silence engulfs you.
It was a scroll of silence.
A magic dart appears from out of thin air!
The magic dart hits you.
* * * LOW HITPOINT WARNING * * *
An orc wizard appears from thin air!
Reactivating autopickup.
The orc wizard casts a spell.
The orc wizard flickers and vanishes!
Deactivating autopickup; reactivate with Ctrl-A.
You are confused.
You bump into the rock wall.
Your hearing returns.
You bump into the rock wall.
You bump into the rock wall.
You bump into the rock wall.
You feel less confused.
You hear some strange, mumbled words.
You are confused.
You bump into the rock wall.
You bump into the rock wall.
You miss something.
Your tail-slap misses something.
Something hits you. The gnoll closely misses you.
You hear some strange, mumbled words.
A puff of flame appears from out of thin air!
The puff of flame hits you!
* * * LOW HITPOINT WARNING * * *
You hear some strange, mumbled words.
You are more confused.
You bump into the rock wall.
A magic dart appears from out of thin air!
The magic dart hits you.
* * * LOW HITPOINT WARNING * * *
A puff of flame appears from out of thin air!
The puff of flame hits you!
You die...

#.#.#
#.#.#
#.#.#
#.#.#
#.#.#
#†#.#
#.#.#
#.#.#
#h#.#
#.#.#
#.#g#
#.#{#
#{#.#
#g#.#
#.#.#
#...#
#####


You could see a gnoll.

Vanquished Creatures
  An orc priest (D:3)
  2 gnolls (D:3)
  2 adders (D:2)
  2 dart slugs
  An orc (D:3)
  5 bats
  5 endoplasms
  A goblin (D:1)
  2 hobgoblins
  3 jackals (D:2)
  4 kobolds
  3 quokkas
  11 ball pythons
  A frilled lizard (D:1)
  A rat (D:2)
44 creatures vanquished.

Notes
Turn   | Place    | Note
-------+----------+-------------------------------------------
     0 | D:1      | CowFu the Draconian Shapeshifter began the quest for the
                  | Orb.
     0 | D:1      | Reached XP level 1. HP: 16/16 MP: 1/1
   111 | D:1      | Reached XP level 2. HP: 23/23 MP: 2/2
   455 | D:1      | Found Uricw's Book Shoppe.
   803 | D:2      | Reached XP level 3. HP: 29/29 MP: 3/3
  1513 | D:3      | Reached XP level 4. HP: 34/36 MP: 4/4
  1587 | D:3      | Killed from afar by an orc wizard

Illustrated notes

Levels and vault maps discovered:
D:1:      erik_arrival_triangle_small, layout_loops_ring, serial_shops,
          nicolae_book_shop_shelving
D:2:      layout_basic, minmay_shallow_snake_nest
D:3:      layout_basic, jmf_multi_god_temple2, minmay_between, uniq_terence,
          uniq_grinder

Skill      XL: |  1  2  3  4 |
---------------+-------------+-----
Dodging        | 2 |  2.0
Fighting       | 2 |  2.0
Unarmed Combat | 4 |  4.2
Shapeshifting  | 4 |  4.0

Action                     |  1- 3 |  4- 6 || total
---------------------------+-------+-------++-------
  Melee: Unarmed           |   104 |    23 ||   127
         Tailslap          |     7 |     2 ||     9
         Punch             |     4 |     1 ||     5
    Use: Scroll            |       |     1 ||     1
 Armour: Skin              |    60 |    23 ||    83
  Dodge: Dodged            |    92 |     9 ||   101

Table legend: (Time is in decaauts)
 A = Elapsed time spent in this place.
 B = Non-inter-level travel time spent in this place.
 C = Inter-level travel time spent in this place.
 D = Time resting spent in this place.
 E = Time spent auto-exploring this place.
 F = Levels seen in this place.
 G = Mean time per level.
                   A        B        C        D        E       F      G
               +--------+--------+--------+--------+--------+-----+--------+
         Total |   1578 |   1530 |     48 |      0 |   1187 |   3 |  526.0 |
       Dungeon |   1578 |   1530 |     48 |      0 |   1187 |   3 |  526.0 |
               +--------+--------+--------+--------+--------+-----+--------+

Top non-repeatable levels by time:
     D:1: 725 daAuts
     D:2: 703 daAuts
     D:3: 148 daAuts
